 Dungeon Crawl Stone Soup version 0.30.0-5-g1a98f26d00 (console) character file.

Game seed: 10909729511333426343

319 jejorda2 the Cutter (level 6, -2/49 HPs)
             Began as a Vine Stalker Berserker on May 8, 2023.
             Was a Believer of Trog.
             Slain by Duvessa
             ... wielding a +0 rapier
              (5 damage)
             ... on level 4 of the Dungeon.
             The game lasted 00:06:42 (3202 turns).

jejorda2 the Cutter (Vine Stalker Berserker)        Turns: 3202, Time: 00:06:42

Health: -2/49      AC: 23    Str: 21    XL:     6   Next: 46%
Magic:  0/7        EV:  2    Int:  7    God:    Trog [**....]
Gold:   184        SH:  0    Dex: 14    Spells: 5/5 levels left

rFire   . . .        a - +0 dagger (drain)
rCold   . . .        (no shield)
rNeg    . . .        l - melded +0 chain mail
rPois   +            (helmet currently unavailable)
rElec   .            h - melded +0 cloak
rCorr   .            (gloves currently unavailable)
SInv    .            (boots currently unavailable)
Will    +....        (no amulet)
Stlth   +            v - ring of willpower
HPRegen 1.08/turn    (no ring)
MPRegen 0.10/turn

%: guardian spirit
@: tree-form, on berserk cooldown, slowed, very slow
A: stationary, stasis, torment immunity, boosted hp, (fangs 2), regeneration 1,
magic shield, (antimagic bite), no potion heal 2
a: Renounce Religion, Berserk, Trog's Hand


You were on level 4 of the Dungeon.
You worshipped Trog.
Trog was pleased with you.
You were a tree.
You visited 1 branch of the dungeon, and saw 4 of its levels.
You also visited: Sewer.

You collected 184 gold pieces.

Inventory:

Hand Weapons
 a - a +0 dagger of draining (weapon)
 u - a +0 dagger
Missiles
 d - 23 stones (quivered)
Armour
 g - a +0 leather armour
 h - a +0 cloak (melded)
 l - a +0 chain mail (melded)
Jewellery
 v - a ring of willpower (left branch)
Wands
 t - a wand of flame (8)
Scrolls
 c - 2 scrolls of fear
 e - 5 scrolls of identify {unknown}
 i - 3 scrolls of teleportation {unknown}
 m - 2 scrolls of poison {unknown}
 n - a scroll of butterflies {unknown}
 q - 2 scrolls of brand weapon {unknown}
Potions
 f - a potion of resistance {unknown}
 j - a potion of heal wounds {unknown}
 k - 2 potions of flight {unknown}
 o - a potion of curing {unknown}
 p - a potion of berserk rage {unknown}
 r - 3 potions of haste {unknown}
 s - a potion of magic {unknown}


   Skills:
 + Level 4.2 Fighting
 * Level 5.5 Short Blades
 - Level 1.5 Armour
 - Level 1.5 Dodging


You had 5 spell levels left.
You didn't know any spells.
Your spell library was empty.

Dungeon Overview and Level Annotations

Branches:
Dungeon (4/15)              Sewer (visited)
 Temple: D:4-7

Altars:
Fedhas

Annotations:
D:4 Duvessa


Innate Abilities, Weirdness & Mutations

You are a tree.
Your roots penetrate the ground, keeping you stationary.
You cannot be teleported.
You are immune to unholy pain and torment.
Your maximum health is greatly increased.
Your equipment is partially melded.
((You have extremely sharp teeth.))
Your natural rate of healing is unusually fast.
When hurt, damage is shared between your health and your magic reserves.
((Your bite disrupts and absorbs the magic of your enemies.))
Potions cannot restore your health.


Message History

You are exhausted.
You feel yourself slow down.
You feel sick.
You see here a +0 leather armour.
You feel sick.
Duvessa, Sister of Dowan comes into view.
She is wielding a +0 rapier and wearing a +1 scale mail of fire resistance.
You feel sick.
Duvessa shouts!
Duvessa goes berserk!
You feel the effects of Trog's Hand fading.
You feel sick.
Duvessa rages.
You hit Duvessa but do no damage.
You feel sick.
You are no longer poisoned.
Duvessa hits you with a +0 rapier! x2
It was a potion of lignification.
You turn into a tree.
Your +0 cloak melds into your body.
Your +0 chain mail melds into your body.
Your roots penetrate the ground.
Duvessa hits you but does no damage. x2
You barely miss Duvessa. Duvessa hits you with a +0 rapier!
* * * LOW HITPOINT WARNING * * *
You completely miss Duvessa.
Your skin stops crawling.
You feel less strong-willed. Duvessa hits you with a +0 rapier.
* * * LOW HITPOINT WARNING * * *
Duvessa hits you but does no damage.
You hit Duvessa but do no damage. Duvessa hits you with a +0 rapier.
* * * LOW HITPOINT WARNING * * *
Duvessa hits you with a +0 rapier.
* * * LOW HITPOINT WARNING * * *
You hit Duvessa but do no damage. You drain Duvessa.
Duvessa is lightly wounded.
Duvessa hits you but does no damage.
You hit Duvessa but do no damage.
Duvessa is lightly wounded.
Duvessa hits you but does no damage. Duvessa hits you with a +0 rapier.
* * * LOW HITPOINT WARNING * * *
You hit Duvessa but do no damage.
Duvessa is lightly wounded.
Duvessa hits you with a +0 rapier.
You die...

..+..............#...##.##
..#.....e.....##.#..... ..
..#...#........#)#........
..#...#........#.#...##.#
..#...#........#.#.... ...
..#...#..#####.#[#..... ##
..#...#..# .#.# ..#...#..#
.#.# ..#e..#..# .#♣#
..#...#..# +e# ..#...# #.#
..#...# #.# #...# #.#
#...# #.# #...# #.# #...#
#.# #...+


You could see Duvessa (berserk, drained).

Vanquished Creatures
  Pargi (Sewer)
  Dowan (D:4)
  Crazy Yiuf (D:2)
  3 adders
  A river rat (D:4)
  4 worms
  3 dart slugs
  12 endoplasms
  4 giant cockroaches
  8 goblins
  8 hobgoblins
  11 jackals
  4 kobolds
  2 quokkas
  5 ball pythons
  6 bats
  5 frilled lizards
  12 rats
91 creatures vanquished.

Notes
Turn   | Place    | Note
-------+----------+-------------------------------------------
     0 | D:1      | jejorda2 the Vine Stalker Berserker began the quest for the
                  | Orb.
     0 | D:1      | Reached XP level 1. HP: 11/11 MP: 2/2
    54 | D:1      | Reached skill level 3 in Short Blades
    56 | D:1      | Reached XP level 2. HP: 13/16 MP: 3/3
   277 | D:1      | You fall into a shaft and drop 1 floor!
   401 | D:1      | Reached XP level 3. HP: 19/20 MP: 4/4
   749 | D:1      | Reached ** piety under Trog
  1287 | D:2      | HP: 1/30 [adder (2)]
  1289 | D:2      | Gained mutation: Your natural rate of healing is unusually
                  | fast. [Vine Stalker growth]
  1289 | D:2      | Reached XP level 4. HP: 2/24 MP: 0/5
  1342 | D:2      | Reached skill level 4 in Short Blades
  1389 | D:2      | Found a faded altar of an unknown god.
  1848 | D:2      | Found a runed translucent door.
  1849 | D:2      | Noticed Crazy Yiuf
  1860 | D:2      | Killed Crazy Yiuf
  1861 | D:2      | Reached XP level 5. HP: 24/28 MP: 6/6
  2476 | D:3      | Found a blossoming altar of Fedhas.
  2801 | D:4      | Found a glowing drain.
  2837 | Sewer    | Entered a sewer
  2892 | Sewer    | Noticed Pargi
  2898 | Sewer    | Killed Pargi
  2899 | Sewer    | Reached skill level 5 in Short Blades
  2899 | Sewer    | Reached XP level 6. HP: 33/33 MP: 7/7
  3156 | D:4      | Noticed Dowan
  3189 | D:4      | Killed Dowan
  3193 | D:4      | Noticed Duvessa
  3201 | D:4      | HP: 2/49 [Duvessa/+0 rapier (6)]
  3202 | D:4      | Slain by Duvessa

Illustrated notes

Levels and vault maps discovered:
D:1:      dpeg_arrival_rooms_b, layout_basic, serial_bayou, serial_bayou_pond_b,
          serial_bayou_crossing, serial_bayou_lagoon_a, serial_bayou_ford_a,
          grunt_decor_one_mirror
D:2:      layout_basic, hellmonk_ecumenical_altar_dog_temple,
          uniq_crazy_yiuf_cottage
D:3:      layout_loops_ring, mainiacjoe_overflow_24_doors,
          corexii_item_surrounded_by_moat, st_stairs_4, bh_walls_and_bars
D:4:      layout_basic, portal_sewer_entry_b, uniq_duvessa, uniq_blork_the_orc

Skill      XL: |  1  2  3  4  5 |
---------------+----------------+-----
Short Blades   | 3 4 5 |  5.5
Fighting       | 3 4 |  4.2
Armour         | |  1.5
Dodging        | |  1.5

Action                     |  1- 3 |  4- 6 || total
---------------------------+-------+-------++-------
  Melee: Short sword       |    15 |       ||    15
         Bite              |    42 |    48 ||    90
         Dagger            |   145 |   212 ||   357
         Punch             |     1 |     2 ||     3
  Throw: Stone             |       |     3 ||     3
 Invoke: Berserk           |     3 |     4 ||     7
         Trog's Hand       |     1 |     1 ||     2
    Use: Scroll            |       |     2 ||     2
         Potion            |       |     1 ||     1
   Stab: Sleeping          |     2 |       ||     2
 Armour: Animal skin       |     7 |       ||     7
         Leather armour    |    39 |    39 ||    78
         Chain mail        |       |    13 ||    13
         Skin              |       |     5 ||     5
  Dodge: Dodged            |    89 |   107 ||   196
